 Dungeon Crawl Stone Soup version 0.20-a0-1086-g4bd2f5b (webtiles) character file.

711 bewbie the Cleaver (level 7, -1/88 HPs)
             Began as a Minotaur Berserker on May 1, 2017.
             Was a Priest of Trog.
             Slain by an orc wizard
             ... wielding a +4 dagger of speed
              (3 damage)
             ... on level 5 of the Dungeon.
             The game lasted 00:04:20 (3380 turns).

bewbie the Cleaver (Minotaur Berserker)             Turns: 3380, Time: 00:04:21

Health: -1/88      AC:  7    Str: 30    XL:     7   Next: 40%
Magic:  6/6        EV: 12    Int:  4    God:    Trog [***...]
Gold:   246        SH:  0    Dex: 10    Spells: 6/6 levels left

rFire    . . .     SeeInvis .   a - +0 hand axe
rCold    . . .     Gourm    .   (no shield)
rNeg     . . .     Faith    .   p - +0 scale mail
rPois    .         Spirit   .   (helmet restricted)
rElec    .         Reflect  .   (no cloak)
rCorr    .         Harm     .   (no gloves)
MR       .....                  n - +0 pair of boots
Stlth    ..........             (no amulet)
Regen    0.3/turn               u - +2 ring of strength
MPRegen  0.1/turn               e - +1 ring of evasion

@: berserking, very quick
A: retaliatory headbutt, horns 2
a: Berserk, Trog's Hand, Burn Spellbooks, Renounce Religion


You were on level 5 of the Dungeon.
You worshipped Trog.
Trog was most pleased with you.
You were hungry.

You visited 1 branch of the dungeon, and saw 5 of its levels.

You collected 246 gold pieces.

Inventory:

Hand Weapons
 a - a +0 hand axe (weapon)
 b - a +3 mace of protection
Armour
 n - a +0 pair of boots (worn)
 p - a +0 scale mail (worn)
Jewellery
 e - a +1 ring of evasion (right hand)
 u - a +2 ring of strength (left hand)
 C - an uncursed ring of resist corrosion {unknown}
Wands
 s - a wand of iceblast (5/15)
 t - a wand of flame (24/48)
 x - a wand of random effects (16/48)
 A - a wand of acid (9/15)
Scrolls
 f - 3 scrolls of identify
 h - a scroll of fog {unknown}
 l - a scroll of noise {unknown}
 q - 2 scrolls of teleportation {unknown}
 r - 2 scrolls of enchant weapon
 v - 2 scrolls of enchant armour {unknown}
 w - 3 scrolls of remove curse
 D - a scroll of amnesia {unknown}
Potions
 d - 2 potions of might
 i - a potion of curing
 j - a potion of haste
 m - a potion of heal wounds {unknown}
 z - a potion of invisibility {unknown}
Books
 y - a book of Misfortune

   Spells                             Type                      Level
   a - Confusing Touch                Hexes                        1
   b - Confuse                        Hexes                        3
   c - Gell's Gravitas                Translocation                3
   d - Petrify                        Transmutation/Earth          4
   e - Metabolic Englaciation         Hexes/Ice                    5
   f - Yara's Violent Unravelling     Hexes/Transmutation          5
   Trog disapproves of the use of such an item.
Comestibles
 c - 4 bread rations
 g - 4 royal jellies
 k - a meat ration
 o - 3 fruits
 B - a chunk of flesh


   Skills:
 - Level 4.1 Fighting
 + Level 10.2 Axes
 - Level 2.4 Armour
 - Level 2.4 Dodging


You had 6 spell levels left.
You didn't know any spells.

Dungeon Overview and Level Annotations

Branches:
Dungeon (5/15)             Temple (0/1) D:4

Altars:
Cheibriados
Nemelex Xobeh
Qazlal
Xom
Yredelemnul
The Shining One


Innate Abilities, Weirdness & Mutations

You reflexively headbutt those who attack you in melee.
You have a pair of horns on your head.


Message History

* * * LOW HITPOINT WARNING * * *
You slash the orc warrior! You headbutt the orc warrior!
The orc warrior is severely wounded.
The orc priest calls upon Beogh to heal the orc warrior.
The orc warrior is healed somewhat.
You hit the orc warrior.
The orc warrior is severely wounded.
The orc warrior hits you with a flail!!
* * * LOW HITPOINT WARNING * * *
You barely miss the orc warrior.
The orc warrior is severely wounded.
You slash the orc warrior! You headbutt the orc warrior.
You kill the orc warrior!
Trog accepts your kill.
Your Axes skill increases to level 10!
You hit the orc. The orc priest hits you.
* * * LOW HITPOINT WARNING * * *
The orc wizard hits you with a dagger of speed.
You die...

#.######..# #.######..#
#.##......####
#######.##.###.....#
.........#.# ##.##.# #
#######....####.##.###.##
..........................
#.##............o......###
................@o........
...#.##.#...##..o.##.#..##
#..#.##...#.##............
#..#......#..#....##.#..##
................... .....
.................... ..#
......... ......... .
......[.. ...........
#.##.....


You could see an orc priest, an orc wizard and an orc.

Vanquished Creatures
  An orc warrior (D:5)
  A sky beast (D:4)
  A scorpion (D:4)
  A water moccasin skeleton (D:5)
  A howler monkey (D:4)
  A gnoll shaman (D:4)
  An orc priest (D:4)
  A bullfrog skeleton (D:5)
  2 worker ants
  An orc wizard (D:4)
  9 adders
  4 gnolls (D:3)
  2 oozes
  4 worms
  A dart slug (D:4)
  A leopard gecko (D:4)
  5 orcs
  5 bats
  4 giant cockroaches
  11 goblins
  10 hobgoblins
  14 jackals
  A ball python (D:3)
  4 frilled lizards
  2 kobolds
  5 rats
93 creatures vanquished.

Notes
Turn   | Place    | Note
-------+----------+-------------------------------------------
     0 | D:1      | bewbie the Minotaur Berserker began the quest for the Orb.
     0 | D:1      | Reached XP level 1. HP: 19/19 MP: 0/0
   523 | D:1      | Reached XP level 2. HP: 20/27 MP: 1/1
   741 | D:1      | Reached skill level 4 in Axes
   931 | D:1      | Reached XP level 3. HP: 27/33 MP: 2/2
  1284 | D:2      | Reached skill level 5 in Axes
  1306 | D:2      | Reached ** piety under Trog
  1363 | D:2      | Reached XP level 4. HP: 40/40 MP: 3/3
  1747 | D:3      | Reached skill level 6 in Axes
  1755 | D:3      | Reached XP level 5. HP: 44/46 MP: 4/4
  1795 | D:3      | Found a sparkling altar of Nemelex Xobeh.
  1811 | D:3      | Found a basalt altar of Yredelemnul.
  2008 | D:3      | Found a shimmering altar of Xom.
  2166 | D:3      | Found a faded altar of an unknown god.
  2262 | D:4      | Found a glowing golden altar of the Shining One.
  2278 | D:4      | Found a staircase to the Ecumenical Temple.
  2486 | D:4      | Reached skill level 7 in Axes
  2546 | D:4      | Noticed a sky beast
  2549 | D:4      | Found a snail-covered altar of Cheibriados.
  2557 | D:4      | Killed a sky beast
  2557 | D:4      | Reached XP level 6. HP: 45/52 MP: 5/5
  2633 | D:4      | Reached skill level 8 in Axes
  2640 | D:4      | Reached *** piety under Trog
  2826 | D:4      | Reached skill level 9 in Axes
  3030 | D:4      | Found a stormy altar of Qazlal.
  3041 | D:5      | Entered Level 5 of the Dungeon
  3050 | D:5      | Reached XP level 7. HP: 52/59 MP: 6/6
  3195 | D:5      | Found a shimmering altar of Xom.
  3379 | D:5      | Reached skill level 10 in Axes
  3380 | D:5      | HP: 2/88 [orc priest (4)]
  3380 | D:5      | Slain by an orc wizard

Vault maps used:
D:1:      dpeg_arrival_solitude
D:2:      minmay_hedge_maze
D:3:      yredelemnul_altar_generic, old_standard_altar,
          chequers_ecumenical_altar_simple_redux, brannock_xom_greatest_gift
D:4:      tso_metal_star, kennysheep_slug_shrine, marbit_many_paths,
          temple_fountains, first_bread
D:5:      basic_altar, serial_bayou_pond_e

Skill      XL: |  1  2  3  4  5  6  7 |
---------------+----------------------+-----
Fighting       | 4 |  4.1
Axes           | 4 5 6 7 9 10 | 10.2
Armour         | |  2.4
Dodging        | |  2.4

Action                   |  1- 3 |  4- 6 |  7- 9 || total
-------------------------+-------+-------+-------++-------
Melee: Hand axe          |    75 |   153 |    24 ||   252
       Headbutt          |    12 |    31 |     5 ||    48
Invok: Berserk           |       |     1 |     1 ||     2
  Use: Scroll            |       |     4 |       ||     4
       Potion            |       |     2 |       ||     2
  Eat: Chunk             |     1 |     7 |     1 ||     9
Armor: Animal skin       |    12 |       |       ||    12
       Scale mail        |    10 |    20 |     4 ||    34
       Ring mail         |       |    31 |       ||    31
Dodge: Dodged            |    55 |    69 |     7 ||   131
